 Dungeon Crawl Stone Soup version 0.17-a0-1421-g95311d7 (webtiles) character file.

326808 patman the Wrestler (level 21, -4/193 HPs)
             Began as a Ghoul Gladiator on June 22, 2015.
             Was the Champion of Ru.
             Killed from afar by a fire giant (49 damage)
             ... with a fireball
             ... on level 3 of the Vaults on June 24, 2015.
             The game lasted 02:48:24 (33342 turns).

patman the Wrestler (Ghoul Gladiator)              Turns: 33342, Time: 02:48:24

Health: -4/193     AC: 32    Str: 27    XL:     21   Next: 24%
Magic:  20/20      EV: 11    Int: 10    God:    Ru [******]
Gold:   3351       SH:  0    Dex:  9    Spells: 2 memorised, 9 levels left

rFire  . . .     SeeInvis .       - Unarmed
rCold  . . .     Clarity  .     v - +10 plate armour {ponderous}
rNeg   + + +     SustAt   .     (shield unavailable)
rPois  ∞         Gourm    .     E - +0 helmet of Eternity {Regen+}
rElec  .         Spirit   .     a - +2 cloak {MR+}
rCorr  +         Warding  .     (no gloves)
rMut   .         Stasis   .     (no boots)
MR     ++...                    t - amulet of resist corrosion
Stlth  ..........               L - ring of protection from fire
                                (ring unavailable)

@: mighty, exhausted, rotting, drained, slow, very resistant to hostile
enchantments, extremely unstealthy
A: rotting body, claws 1, carnivore 3, cold resistance 1, negative energy
resistance 3, slow healing 1, torment resistance, unbreathing, missing a hand,
inexperienced 1, temperature sensitive
a: Draw Out Power, Power Leap, Apocalypse, Renounce Religion
}: 3/15 runes: serpentine, barnacled, slimy


You were on level 3 of the Vaults.
You worshipped Ru.
Ru was exalted by your worship.
You were not hungry.

You visited 7 branches of the dungeon, and saw 44 of its levels.
You also visited: Volcano.

You collected 3351 gold pieces.

Inventory:

Hand weapons
 B - a +0 blowgun
Missiles
 c - 8 throwing nets (quivered)
 y - 16 silver javelins
 C - 48 poisoned needles
Armour
 a - a +2 cloak of magic resistance (worn)
 o - the +1 scale mail "Feohily" {Int+4}
   (You found it on level 6 of the Pits of Slime)

   It affects your intelligence (+4).
 v - a +10 plate armour of ponderousness (worn)
 E - the +0 helmet of Eternity (worn) {Regen+}
   (You found it on level 3 of the Lair of Beasts)

   It increases your rate of regeneration.
 H - the +0 pair of gloves of Impermeability {-Tele rF+ Int+3 Dex+3}
   (You found it on level 7 of the Dungeon)

   It affects your intelligence (+3).
   It affects your dexterity (+3).
   It protects you from fire.
   It prevents most forms of teleportation.
 I - a +0 plate armour
Jewellery
 s - an uncursed ring of teleportation
 t - an amulet of resist corrosion (around neck)
 F - an uncursed amulet of resist mutation
 L - a ring of protection from fire (right claw)
 Z - an uncursed ring of ice
Magical devices
 b - a wand of fire (0)
 x - a wand of fire (10)
 z - a wand of teleportation (5)
 A - a wand of invisibility (8)
 G - a wand of fire (0)
 J - a wand of teleportation (3)
 K - a wand of lightning (0)
 O - a wand of fire (6)
 U - a wand of disintegration (0)
 Y - a wand of fire (0)
Scrolls
 e - 4 scrolls of fear
 f - 8 scrolls of remove curse
 h - 3 scrolls of identify
 l - 3 scrolls of teleportation
 m - 4 scrolls of recharging
 n - 9 scrolls of amnesia
 q - 5 scrolls of immolation
 u - a scroll of enchant weapon
 w - 2 scrolls of fog
 V - 4 scrolls of enchant armour
 X - 3 scrolls of magic mapping
Potions
 g - 2 potions of heal wounds
 j - 4 potions of agility
 k - 7 potions of ambrosia
 p - 3 potions of curing
 r - 2 potions of flight
 M - a potion of brilliance
 N - a potion of resistance
 P - a potion of cancellation
 R - 3 potions of might
 S - a potion of haste
Comestibles
 d - 17 meat rations
 i - a royal jelly
 D - 21 chunks of flesh
 Q - 2 slices of pizza
 T - 4 beef jerkies


   Skills:
 * Level 17.8(17.4) Fighting
 - Level 1.7(1.4) Throwing
 * Level 15.7(15.2) Armour
 - Level 10.0(9.6) Dodging
 - Level 25.5(25.0) Unarmed Combat


You had 9 spell levels left.
You knew the following spells:

 Your Spells              Type           Power        Failure   Level  Hunger
a - Haste                 Chrm           #.......     100%        6    #######
b - Silence               Hex/Air        #.........   100%        5    ######.


Dungeon Overview and Level Annotations

Branches:
Dungeon (15/15)            Temple (0/1) D:5            Lair (8/8) D:9
 Shoals (4/4) Lair:6        Snake (4/4) Lair:4        Slime (6/6) Lair:7
    Orc (4/4) D:10         Vaults (3/5) D:14         Depths (0/5) D:15
    Elf: Orc:3-4      Crypt: Vaults:2-3

Altars:
Ashenzari
Okawaru
Ru
Sif Muna
Trog
Xom
Yredelemnul
The Shining One
Beogh
Jiyva

Shops:
Orc:4 !:*(   Vaults:3 (

Annotations:
D:4 1 exclusion
D:8 Gastronok
D:15 exclusion: Roxanne, Roxanne
Snake:3 HEYYEYAAE's ghost, mighty HuEE
Vaults:3 Mara


Innate Abilities, Weirdness & Mutations

Your body is rotting away.
You thrive on raw meat.
You are immune to poison.
You have sharp fingernails.
You are carnivorous and can eat meat at any time.
Your flesh is cold resistant.
You are immune to negative energy.
You heal slowly when monsters are visible.
You are immune to unholy pain and torment.
You can survive without breathing.
You are missing a hand.
You are somewhat inexperienced (-2 XL).
You are sensitive to extremes of temperature (rF-, rC-).


Message History

The fire giant casts a spell at you.
The fireball explodes!
The fireball engulfs you!
* * * LOW HITPOINT WARNING * * *
The fireball engulfs the fire giant.
The fire giant resists.
The fire giant hits you but does no damage.
You hear a shout! x6
You eviscerate the fire giant!!!
The fire giant begins to bleed from its wounds!
The fire giant is heavily wounded.
Unknown command.
You scratch the fire giant.
The fire giant is severely wounded.
An orc opens the door. 2 orcs come into view.
Unknown command.
You mangle the fire giant!!
The fire giant is almost dead.
The fire giant gestures at you while chanting.
The fireball explodes!
The fireball engulfs you!
You die...

.................#
.................#
.............
#####'######
.#..#..# .#..#).# .
#'##'##+ ...
.#.(#..#
########.o...
.#.)#..#
#...C@.oo....
#'##)##+
#......######
(#..#(.# #......#
.#..#.)# #......#
######'#####......#
..........##......#
..........##+##+###
###..###..#
###..###..#


You could see a fire giant (bleeding) and 3 orcs.

Vanquished Creatures
  the royal jelly (Slime:6)
  21 acid blobs
  2 krakens
  2 storm dragons
  Ilsuiw (Shoals:4)
  13 azure jellies
  Maud (Lair:7)
  8 greater nagas
  2 vault wardens
  A fire giant (Vaults:3)
  A war gargoyle (Vaults:3)
  7 ironheart preservers
  2 stone giants
  Snorg (Lair:5)
  3 death oozes
  A crystal guardian (Vaults:2)
  6 merfolk javelineers
  4 merfolk impalers (Shoals:4)
  5 great orbs of eyes
  A deep elf death mage (Vaults:2)
  7 yaktaur captains
  2 vault guards (Vaults:3)
  16 naga warriors
  6 ogre magi
  10 hydras
  5 catoblepae
  5 merfolk aquamancers
  A merfolk avatar (Shoals:2)
  A salamander stormcaller (Vaults:2)
  A satyr (Shoals:2)
  3 anacondas
  2 tengu warriors
  6 shock serpents
  3 deep troll shamans
  4 centaur warriors
  18 death yaks
  A vampire mage (D:15)
  14 naga sharpshooters
  An orc high priest (Orc:4)
  Nergalle (D:10)
  5 deep elf knights
  A fire crab (Vaults:3)
  3 skeletal warriors (D:15)
  A salamander mystic (Snake:3)
  17 sea snakes
  An unseen horror (D:14)
  8 deep trolls
  A giant orange brain (Slime:6)
  A lindwurm (Lair:4)
  3 ironbrand convokers
  10 naga ritualists
  A flayed ghost (Vaults:2)
  4 harpies (Shoals:2)
  2 hill giants
  12 mana vipers
  4 orc sorcerers (Orc:4)
  7 shining eyes
  3 cyclopes
  5 water nymphs
  3 griffons
  19 ugly things
  31 black mambas
  8 salamanders
  5 fauns
  7 orc knights
  A salamander (shapeshifter) (Vaults:1)
  A hornet (Vaults:3)
  10 sirens
  2 guardian serpents
  9 manticores
  4 elephants (Lair:4)
  20 naga magi
  3 vault sentinels
  15 spiny frogs
  A torpor snail (Lair:8)
  A tengu conjurer (Shoals:4)
  A kobold demonologist (Vaults:2)
  4 komodo dragons
  An efreet (D:15)
  14 yaktaurs
  A fire drake (shapeshifter) (Vaults:3)
  A deep elf priest (Vaults:2)
  19 merfolk
  3 freezing wraiths
  2 polar bears
  2 fire drakes
  A troll (Vaults:2)
  A wind drake (shapeshifter) (Vaults:2)
  9 two-headed ogres
  A wind drake (Shoals:1)
  67 slime creatures
  A boulder beetle (D:10)
  10 blink frogs
  A flying skull (Volcano)
  A tengu simulacrum (Vaults:3)
  A basilisk (shapeshifter) (Vaults:3)
  10 water elementals
  7 snapping turtles
  59 yaks
  A redback (Vaults:2)
  2 vampires (Volcano)
  A steam dragon (D:9)
  2 basilisks
  A wraith (D:15)
  13 hippogriffs
  A human (shapeshifter) (Vaults:2)
  A wyvern (D:7)
  3 deep elf magi
  14 vampire mosquitoes
  6 golden eyes
  3 wargs
  A soldier ant (shapeshifter) (Vaults:3)
  A hungry ghost (D:10)
  A mottled dragon (Vaults:2)
  A deep elf fighter (Vaults:2)
  A yaktaur simulacrum (Vaults:2)
  32 wolves
  6 porcupines
  39 nagas
  A slave (D:9)
  A sky beast (D:9)
  17 water moccasins
  19 ogres
  23 orc warriors
  An ice beast (D:7)
  3 boggarts (Vaults:2)
  9 eyes of draining
  A phantom (D:9)
  2 black bears
  12 crocodiles
  9 centaurs
  19 giant frogs
  A gnoll sergeant (D:9)
  6 big kobolds (Vaults:2)
  A wyvern skeleton (D:13)
  7 scorpions
  13 killer bees
  An electric eel (Lair:6)
  14 wights
  2 centaur zombies
  5 hounds
  5 giant frog skeletons
  35 jellies
  2 crimson imps
  19 orc priests
  3 centaur skeletons
  Jessica (D:3)
  36 orc wizards
  11 iguanas
  6 worker ants
  12 sheep
  A mummy (Volcano)
  A worker ant zombie (D:6)
  13 gnolls
  38 river rats
  3 shadow imps
  24 adders
  3 oozes
  An adder skeleton (D:7)
  An adder zombie (D:5)
  3 worms
  2 giant geckos
  108 orcs
  2 ball pythons (D:10)
  20 bats
  2 bat skeletons
  A bat zombie (D:7)
  5 giant cockroaches
  13 goblins
  21 hobgoblins
  4 jackals (D:1)
  3 quokkas
  A ball python skeleton (D:4)
  4 giant newts
  7 kobolds
  9 rats
  2 fungi (D:9)
  9 tentacles
1364 creatures vanquished.

Vanquished Creatures (others)
  An acid blob (Slime:2)
  A death ooze (Slime:6)
  A hydra (Lair:1)
  A naga sharpshooter (Snake:3)
  An ironbrand convoker (Vaults:1)
  A harpy (Shoals:4)
  A giant orange brain (Slime:4)
  An orc knight (Vaults:1)
  A manticore (Shoals:1)
  A black mamba (Snake:2)
  2 yaktaurs (Vaults:2)
  2 merfolk
  A blink frog (Lair:3)
  A wyvern (D:7)
  A water elemental (Shoals:4)
  A basilisk (Lair:8)
  A hippogriff (Lair:8)
  A vampire mosquito (Vaults:3)
  A wolf (Lair:2)
  An ogre (Vaults:2)
  A crocodile (Lair:1)
  A giant frog (Lair:7)
  An iguana (Lair:2)
  2 orc wizards
  A worker ant (D:9)
  A sheep (Lair:8)
  A river rat (Lair:8)
  2 orcs
  A ball python (D:10)
  A kobold (Vaults:2)
  7 fungi (Lair:8)
  6 plants (Lair:8)
  12 tentacles
  1217 tentacle segments
1276 creatures vanquished.

Grand Total: 2640 creatures vanquished

Notes
Turn   | Place    | Note
--------------------------------------------------------------
     0 | D:1      | patman the Ghoul Gladiator began the quest for the Orb.
     0 | D:1      | Reached XP level 1. HP: 17/17 MP: 0/0
    25 | D:1      | Reached skill level 4 in Unarmed Combat
    25 | D:1      | Reached XP level 2. HP: 24/24 MP: 1/1
   316 | D:1      | Reached XP level 3. HP: 29/29 MP: 2/2
   653 | D:2      | Reached skill level 5 in Unarmed Combat
   686 | D:2      | Reached XP level 4. HP: 24/36 MP: 3/3
   710 | D:2      | Found a faded altar to an unknown god.
   733 | D:2      | Became a worshipper of Ru the Awakened
   758 | D:2      | Gained mutation: You are sensitive to extremes of temperature (rF-, rC-). [Ru sacrifice]
   758 | D:2      | Acquired Ru's first power
   758 | D:2      | Acquired Ru's second power
   758 | D:2      | Acquired Ru's third power
  1198 | D:3      | Reached skill level 6 in Unarmed Combat
  1206 | D:3      | Reached XP level 5. HP: 39/41 MP: 4/4
  1429 | D:3      | Found a basalt altar of Yredelemnul.
  1434 | D:3      | Found a glowing golden altar of the Shining One.
  1436 | D:3      | Noticed an angel
  1492 | D:3      | Noticed Jessica
  1506 | D:3      | Killed Jessica
  1673 | D:3      | Reached skill level 7 in Unarmed Combat
  1707 | D:3      | Reached XP level 6. HP: 47/47 MP: 5/5
  2165 | D:4      | Reached skill level 8 in Unarmed Combat
  2419 | D:4      | Reached XP level 7. HP: 47/53 MP: 6/6
  2554 | D:4      | Reached skill level 9 in Unarmed Combat
  2822 | D:5      | Entered Level 5 of the Dungeon
  2838 | D:5      | Found a shimmering altar of Xom.
  2865 | D:5      | Gained mutation: You are missing a hand. [Ru sacrifice]
  2865 | D:5      | Acquired Ru's fourth power
  2865 | D:5      | Acquired Ru's fifth power
  3029 | D:5      | Reached skill level 10 in Unarmed Combat
  3057 | D:5      | Reached XP level 8. HP: 60/60 MP: 7/7
  3396 | D:5      | Found a shimmering altar of Xom.
  3598 | D:5      | Found a staircase to the Ecumenical Temple.
  3914 | D:5      | Found a sacrificial altar of Ru.
  3915 | D:5      | Found a deep blue altar of Sif Muna.
  3917 | D:5      | Found a shattered altar of Ashenzari.
  4106 | D:6      | Found a bloodstained altar of Trog.
  4173 | D:6      | Reached skill level 1 in Armour
  4505 | D:7      | Reached skill level 5 in Fighting
  4548 | D:7      | Found an iron altar of Okawaru.
  4552 | D:7      | Reached XP level 9. HP: 71/74 MP: 8/8
  4561 | D:7      | Got a pair of fine gloves
  4567 | D:7      | Identified the +0 pair of gloves of Impermeability {-Tele rF+ Int+3 Dex+3} (You found it on level 7 of the Dungeon)
  4572 | D:7      | Gained mutation: You are somewhat inexperienced (-2 XL). [Ru sacrifice]
  4572 | D:7      | Reached XP level 8. HP: 68/68 MP: 7/7
  4572 | D:7      | Reached XP level 7. HP: 61/61 MP: 6/6
  4898 | D:7      | Reached XP level 8. HP: 36/69 MP: 7/7
  4916 | D:7      | Reached skill level 5 in Armour
  5424 | D:8      | Noticed Gastronok
  5545 | D:9      | Reached XP level 9. HP: 58/80 MP: 8/8
  5879 | D:9      | Found a staircase to the Lair.
  5936 | D:9      | Reached skill level 11 in Unarmed Combat
  6073 | Lair:1   | Entered Level 1 of the Lair of Beasts
  6166 | Lair:1   | Noticed a seven-headed hydra
  6171 | Lair:1   | Killed a seven-headed hydra
  6171 | Lair:1   | Reached XP level 10. HP: 54/88 MP: 9/9
  6417 | Lair:1   | Noticed a four-headed hydra
  6431 | Lair:1   | Killed a four-headed hydra
  6440 | Lair:1   | Noticed a spiny frog
  6456 | Lair:1   | Killed a spiny frog
  6456 | Lair:1   | Reached skill level 12 in Unarmed Combat
  6772 | Lair:1   | Got a flickering tin ring
  6774 | Lair:1   | Identified the ring "Pyjosiev" {Wiz rC- rN+++ MP+9 Dex-3} (You found it on level 1 of the Lair of Beasts)
  6974 | Lair:2   | Noticed a black mamba
  6994 | Lair:2   | Killed a black mamba
  7002 | Lair:2   | Reached XP level 11. HP: 75/94 MP: 10/10
  7064 | Lair:2   | Noticed a six-headed hydra
  7112 | Lair:2   | Killed a six-headed hydra
  7112 | Lair:2   | Reached skill level 13 in Unarmed Combat
  7211 | Lair:2   | Reached skill level 10 in Armour
  7275 | Lair:2   | Found a dark tunnel.
  7320 | Volcano  | Entered a volcano
  7541 | Lair:2   | Noticed a five-headed hydra
  7552 | Lair:2   | Killed a five-headed hydra
  7844 | Lair:3   | Noticed a catoblepas
  7878 | Lair:3   | Killed a catoblepas
  7878 | Lair:3   | Reached skill level 14 in Unarmed Combat
  8142 | Lair:3   | Noticed a death yak
  8143 | Lair:3   | Noticed a death yak
  8143 | Lair:3   | Noticed a death yak
  8208 | Lair:3   | Killed a death yak
  8208 | Lair:3   | Reached XP level 12. HP: 84/101 MP: 11/11
  8220 | Lair:3   | Killed a death yak
  8247 | Lair:3   | Killed a death yak
  8407 | Lair:3   | Reached skill level 15 in Unarmed Combat
  8522 | Lair:3   | Got a crude helmet
  8533 | Lair:3   | Identified the cursed +0 helmet of Eternity {Regen+} (You found it on level 3 of the Lair of Beasts)
  9185 | Lair:4   | Reached skill level 10 in Fighting
  9377 | Lair:4   | Found a staircase to the Snake Pit.
  9946 | Lair:5   | Noticed Snorg
  9955 | Lair:5   | Killed Snorg
 10023 | Lair:5   | Reached XP level 13. HP: 98/116 MP: 12/12
 10528 | Lair:6   | Reached XP level 14. HP: 127/127 MP: 13/13
 10529 | Lair:6   | Reached skill level 16 in Unarmed Combat
 10529 | Lair:6   | Reached XP level 15. HP: 134/134 MP: 14/14
 10776 | Lair:6   | Found a staircase to the Shoals.
 10824 | Lair:7   | Noticed Maud
 10840 | Lair:7   | Killed Maud
 11055 | Lair:7   | Found a staircase to the Slime Pits.
 11185 | Lair:7   | Found a viscous altar of Jiyva.
 11213 | Lair:7   | You fall through a shaft!
 11213 | Lair:8   | Entered Level 8 of the Lair of Beasts
 11456 | Lair:8   | Reached skill level 17 in Unarmed Combat
 11909 | Lair:8   | Upgraded the game from 0.17-a0-1409-ge6d9485 to 0.17-a0-1411-g06ff558
 12037 | Lair:8   | Reached skill level 18 in Unarmed Combat
 12887 | Lair:8   | Identified the Collected Works on Curses and Transmutation
 12951 | Lair:8   | Reached skill level 19 in Unarmed Combat
 12966 | Lair:8   | Reached XP level 16. HP: 131/145 MP: 15/15
 13393 | D:10     | Entered Level 10 of the Dungeon
 13393 | D:10     | Noticed Nergalle
 13399 | D:10     | Killed Nergalle
 13765 | D:10     | Found a staircase to the Orcish Mines.
 13800 | Orc:1    | Entered Level 1 of the Orcish Mines
 14330 | Orc:4    | Entered Level 4 of the Orcish Mines
 14627 | Orc:4    | Found Sealadgh's Weapon Emporium.
 14627 | Orc:4    | Found Jyacs's Distillery.
 14627 | Orc:4    | Found Fewkehio's Assorted Antiques.
 14636 | Orc:4    | Found Fomu's Book Shoppe.
 14773 | Orc:4    | Found a roughly hewn altar of Beogh.
 15494 | Snake:1  | Entered Level 1 of the Snake Pit
 15714 | Snake:1  | Reached skill level 20 in Unarmed Combat
 17266 | Snake:3  | Noticed HEYYEYAAE's ghost (mighty HuEE)
 17382 | Snake:3  | Reached skill level 15 in Fighting
 17725 | Snake:3  | HP: 6/148 [black mamba (8)]
 17946 | Snake:3  | Reached XP level 17. HP: 106/156 MP: 16/16
 18609 | Snake:4  | Entered Level 4 of the Snake Pit
 20239 | Snake:4  | Got a serpentine rune of Zot
 20710 | Shoals:1 | Entered Level 1 of the Shoals
 20998 | Shoals:1 | Reached XP level 18. HP: 159/169 MP: 17/17
 21131 | Shoals:2 | Reached skill level 15 in Armour
 21635 | Shoals:4 | Entered Level 4 of the Shoals
 21898 | Shoals:4 | HP: 6/169 [manticore (11)]
 21901 | Shoals:4 | HP: 1/169 [manticore (5)]
 22280 | Shoals:4 | Reached skill level 10 in Dodging
 22533 | Shoals:4 | Noticed Ilsuiw
 22554 | Shoals:4 | Killed Ilsuiw
 22889 | Shoals:4 | Got a barnacled rune of Zot
 23240 | D:9      | Upgraded the game from 0.17-a0-1411-g06ff558 to 0.17-a0-1421-g95311d7
 23444 | D:12     | Reached skill level 21 in Unarmed Combat
 24573 | D:14     | Found a gate to the Vaults.
 24636 | D:15     | Entered Level 15 of the Dungeon
 24931 | D:15     | Noticed Roxanne
 24960 | D:15     | Reached XP level 19. HP: 72/176 MP: 18/18
 25034 | D:15     | Found a staircase to the Depths.
 25254 | Vaults:1 | Entered Level 1 of the Vaults
 26174 | Slime:1  | Entered Level 1 of the Pits of Slime
 26336 | Slime:1  | Reached skill level 22 in Unarmed Combat
 26891 | Slime:1  | HP: 3/169 [azure jelly (20)]
 27921 | Slime:2  | Reached skill level 23 in Unarmed Combat
 28381 | Slime:6  | Entered Level 6 of the Pits of Slime
 28566 | Slime:6  | Found a viscous altar of Jiyva.
 28566 | Slime:6  | Noticed the royal jelly
 28618 | Slime:6  | Killed the royal jelly
 29048 | Slime:5  | Reached XP level 20. HP: 129/168 MP: 19/19
 29489 | Slime:5  | Reached skill level 24 in Unarmed Combat
 30030 | Slime:6  | HP: 6/166 [acid blob (25)]
 30030 | Slime:6  | HP: 2/166 [acid (4)]
 30420 | Slime:6  | Identified the Almanac of Cankerous Boosts (You found it on level 6 of the Pits of Slime)
 30428 | Slime:6  | Learned a level 6 spell: Haste
 30432 | Slime:6  | Identified the Grimoire of Harmful Weightlessness (You found it on level 6 of the Pits of Slime)
 30439 | Slime:6  | Learned a level 5 spell: Silence
 30604 | Slime:6  | Got a slimy rune of Zot
 30613 | Slime:6  | Got a smelly scale mail
 30976 | Lair:4   | Identified the cursed +1 scale mail "Feohily" {Int+4} (You found it on level 6 of the Pits of Slime)
 31466 | Vaults:2 | Reached skill level 25 in Unarmed Combat
 32822 | Vaults:3 | Reached XP level 21. HP: 191/191 MP: 20/20
 32952 | Vaults:3 | Found Ubriopn's Weapon Shop.
 33304 | Vaults:3 | Noticed Mara
 33325 | Vaults:3 | Noticed patman's illusion
 33332 | Vaults:3 | HP: 9/193 [Mara (illusionary)/bolt of fire (39)]
 33342 | Vaults:3 | Killed from afar by a fire giant

Vault maps used:
D:1:      minmay_arrival_semitransparent
D:2:      ecumenical_altar_1
D:3:      grunt_temple_overflow_holy_war, uniq_jessica
D:4:      old_forge
D:5:      nicolae_overflow_hidden_temple, kennysheep_mini_moat,
          minmay_temple_entry_grid, first_bread, basic_altar,
          hangedman_decor_points
D:6:      nicolae_overflow_crystal_walls, trog_three_pillars_becter
D:7:      okawaru_trees_2
D:8:      uniq_erolcha, uniq_gastronok, uniq_erica, uniq_pikel
D:9:      minmay_overflow_temple_star_quad, due_lair_maze_entry_diamond,
          hangedman_fish_farm
D:10:     boulder_indie, orc_0_dummy, uniq_nergalle
D:11:     uniq_fannar
D:13:     minivault_4
D:14:     david_vaults_2, minivault_25, feat_on_display
D:15:     gammafunk_depths_entry_grave, corexii_corridor_pit, uniq_roxanne
Lair:1:   guppyfry_lair_drakes, grunt_megastairs_4
Lair:2:   nicolae_volcano_entry_lava_flow
Lair:3:   serial_bayou_lagoon_a, infiniplex_staircase_pool_2
Lair:4:   dummy_snake_entry, st_stairs_10
Lair:5:   beast_lair_carwin_large_2, lemuel_old_faithful, uniq_snorg
Lair:6:   boulder_quad_collide, minmay_shoals_entry_hut
Lair:7:   slime_altar_1, serial_bayou_crossing, grunt_megastairs_2, uniq_maud
Lair:8:   evilmike_catoblepas_cave, serial_forest, infiniplex_forest_end_1,
          infiniplex_forest_lined_room_, infiniplex_forest_straight_2,
          infiniplex_forest_lined_3, infiniplex_forest_clump_long
Shoals:1: nicolae_shoals_stone_sculpture_thing
Shoals:4: shoals_end_simple, shoal_ilsuiw, kb_tengu_band
Snake:1:  serial_bayou_ford_a
Snake:2:  special_room
Snake:3:  grunt_ministairs_6
Snake:4:  snake_pit, serial_bayou_pond_c, serial_bayou_shore_a
Orc:3:    basic_altar, nicolae_orc_pool_cavern
Orc:4:    st_orc_mages, basic_altar
Vaults:1: hangedman_vaults_stitches, vaults_standard_mumra_x,
          vaults_room_door_ring, hangedman_vaults_unwind,
          nicolae_vaults_little_squares_2, nicolae_vaults_big_ls, v_misc_1,
          v_misc_10, vaults_room_pools, v_misc_8, vaults_mumra_chevron,
          sword_in_stone, vaults_dpeg_ring, serial_shops, nicolae_shop_crystal,
          uniq_wiglaf
Vaults:2: v_misc_11, vaults_standard_mumra_lines, vaults_room_door_hall,
          hangedman_vaults_stream, hangedman_vaults_snaps, v_alt_pattern_2,
          vaults_dpeg_spiral
Vaults:3: st_smaller_cells, v_misc_3, v_alt_pattern_2, v_rooms_3,
          minmay_crypt_entry_simple_box, ontoclasm_vaults_ring_small,
          v_pattern_4, v_misc_4, v_misc_24, vaults_room_corners,
          vaults_room_pool, nicolae_vaults_asterisk, serial_shops,
          nicolae_shop_behind_doors, uniq_boris, uniq_mara
Volcano:  volcano_tomb

Action                   |  1- 3 |  4- 6 |  7- 9 | 10-12 | 13-15 | 16-18 | 19-21 || total
-------------------------+-------+-------+-------+-------+-------+-------+-------++-------
Melee: Unarmed           |    65 |   217 |   560 |   701 |   650 |  2212 |  1439 ||  5844
Throw: Tomahawk          |       |       |     3 |     9 |       |       |       ||    12
       Javelin           |       |       |       |       |     5 |    21 |       ||    26
Invok: Sacrifice Resista |       |     1 |       |       |       |       |       ||     1
       Draw Out Power    |       |     1 |       |     1 |       |     2 |     7 ||    11
       Sacrifice a Hand  |       |       |     1 |       |       |       |       ||     1
       Sacrifice Experie |       |       |     1 |       |       |       |       ||     1
       Apocalypse        |       |       |       |       |       |     1 |     2 ||     3
       Power Leap        |       |       |       |       |       |     1 |     3 ||     4
Evoke: Wand              |       |       |     1 |     3 |       |     5 |    15 ||    24
  Use: Scroll            |       |     3 |    10 |     8 |     7 |     8 |    14 ||    50
       Potion            |       |     1 |       |       |     6 |     7 |    11 ||    25
 Stab: Invisible         |       |     2 |     3 |     8 |    13 |    47 |    23 ||    96
       Paralysed         |       |       |    14 |    17 |    11 |    43 |    12 ||    97
       Sleeping          |       |       |     1 |       |       |       |       ||     1
       Distracted        |       |       |     1 |     2 |     2 |    10 |     2 ||    17
       Petrified         |       |       |       |       |       |     1 |       ||     1
  Eat: Chunk             |     4 |    21 |    48 |    82 |    73 |   285 |    79 ||   592
       Pizza             |       |       |       |       |       |     1 |     5 ||     6
       Royal jelly       |       |       |       |       |       |       |     1 ||     1
       Beef jerky        |       |       |       |       |       |       |     2 ||     2
